 Seeded DCSS version 0.30.1-11-g7821555f0a (webtiles) character file.

Game seed: 3782068419145777066 (custom seed)

68 fireball365 the Trooper (level 4, -2/41 HPs)
             Began as a Hill Orc Fighter on Nov 22, 2023.
             Slain by a howler monkey (4 damage)
             ... on level 4 of the Dungeon.
             The game lasted 00:01:30 (579 turns).

fireball365 the Trooper (Hill Orc Fighter)           Turns: 579, Time: 00:01:32

Health: -2/41      AC:  7    Str: 20    XL:     4   Next: 19%
Magic:  4/4        EV:  9    Int:  8    God:
Gold:   42         SH:  4    Dex: 10    Spells: 3/3 levels left

rFire   . . .        a - +0 war axe
rCold   . . .        c - +0 buckler
rNeg    . . .        b - +0 scale mail
rPois   .            (no helmet)
rElec   .            (no cloak)
rCorr   .            (no gloves)
SInv    .            (no boots)
Will    .....        (no amulet) Stlth
                     (no ring)
HPRegen 0.26/turn    (no ring)
MPRegen 0.09/turn

%: no passive effects
@: no status effects
A: no striking features
a: no special abilities


You were on level 4 of the Dungeon.
You visited 1 branch of the dungeon, and saw 4 of its levels.

You collected 42 gold pieces.

Inventory:

Hand Weapons
 a - a +0 war axe (weapon)
Armour
 b - a +0 scale mail (worn)
 c - a +0 buckler (worn)
Scrolls
 e - a scroll of amnesia {unknown}
 f - a scroll of noise {unknown}
 g - a scroll of blinking {unknown}
 h - a scroll of teleportation {unknown}
Potions
 d - a potion of might


   Skills:
 + Level 4.6 Fighting
 + Level 3.4 Axes
 + Level 3.9 Armour
 + Level 0.3 Dodging
 + Level 3.5 Shields


You had 3 spell levels left.
You didn't know any spells.
Your spell library was empty.

Dungeon Overview and Level Annotations

Branches:
Dungeon (4/15)
 Temple: D:4-7

Altars:
Dithmenos
Wu Jian

Shops:
D:1 [?


Message History

You are confused.
Something hits you. The orc barely misses you.
The howler monkey barely misses you. The orc completely misses you.
The orc wizard misses you. Something hits you but does no damage.
The howler monkey barely misses you.
The howler monkey hits you but does no damage.
You hit the orc wizard.
The orc wizard is heavily wounded.
You barely miss the howler monkey. You closely miss something.
The howler monkey barely misses you. Something hits you.
* * * LOW HITPOINT WARNING * * *
You slash the orc wizard!
You kill the orc wizard!
You barely miss the orc. You barely miss the howler monkey. You miss something.
The howler monkey hits you.
* * * LOW HITPOINT WARNING * * *
Something hits you but does no damage. The orc hits you with a +0 hand axe.
* * * LOW HITPOINT WARNING * * *
The howler monkey hits you but does no damage.
You have reached level 4!
You completely miss something. You miss the orc.
You closely miss the howler monkey. The orc hits you with a +0 hand axe.
* * * LOW HITPOINT WARNING * * *
Something hits you but does no damage. The howler monkey hits you.
* * * LOW HITPOINT WARNING * * *
The orc hits you with a +0 hand axe.
* * * LOW HITPOINT WARNING * * *
Something hits you.
* * * LOW HITPOINT WARNING * * *
The howler monkey barely misses you. Something hits you but does no damage.
You feel less confused.
The howler monkey hits you but does no damage.
You hit the howler monkey but do no damage.
The howler monkey is almost dead.
You hit the orc. You barely miss something.
The howler monkey hoots and howls with incredible vigour!
You block something's attack. The orc closely misses you.
The howler monkey hits you.
You die...

...####...## ##..........
...#...)...## #..........
............# ##.........
............## ##........
.............## ##.......
..............###......##
........)......#).#..###
.......{ho.......#####
........@.......##
.................#
..#.............## .
#.............#
##............#
#...........##
###........## ####...###
#####


You could see a howler monkey (catching breath) and an orc.

Vanquished Creatures
  An orc wizard (D:4)
  2 adders
  A dart slug (D:3)
  An orc (D:4)
  5 ball pythons
  2 endoplasms
  2 giant cockroaches (D:1)
  A goblin (D:1)
  2 hobgoblins
  A bat (D:3)
  2 kobolds
  4 rats
24 creatures vanquished.

Notes
Turn   | Place    | Note
-------+----------+-------------------------------------------
     0 | D:1      | fireball365 the Hill Orc Fighter began the quest for the
                  | Orb.
     0 | D:1      | Reached XP level 1. HP: 19/19 MP: 1/1
    34 | D:1      | Found Veyto's Magic Scroll Shoppe.
   121 | D:1      | Found Daizow's Antique Armour Emporium.
   175 | D:1      | Reached XP level 2. HP: 26/27 MP: 2/2
   259 | D:2      | Reached skill level 4 in Fighting
   292 | D:3      | Reached XP level 3. HP: 33/33 MP: 3/3
   344 | D:3      | Found an ornate altar of the Wu Jian Council.
   345 | D:3      | Found a shadowy altar of Dithmenos.
   356 | D:3      | Found a faded altar of an unknown god.
   576 | D:4      | Reached XP level 4. HP: 10/41 MP: 4/4
   576 | D:4      | HP: 1/41 [something (3)]
   579 | D:4      | Slain by a howler monkey

Illustrated notes

Levels and vault maps discovered:
D:1:      dpeg_arrival_oval, layout_basic, serial_shops, shop, shop_coins,
          nicolae_shop_overgrown_old_shop, shop
D:2:      layout_rooms
D:3:      layout_basic, mainiacjoe_overflow_catch_the_wave,
          ebering_ecumenical_altar_rust, serial_shops, shop,
          uniq_crazy_yiuf_cottage
D:4:      layout_cave_pods, uniq_duvessa, uniq_natasha

Skill      XL: |  1  2 |
---------------+-------+-----
Fighting       | 4 |  4.6
Axes           | 3 |  3.4
Armour         | |  3.9
Dodging        | |  0.3
Shields        | |  3.5

Action                     |  1- 3 |  4- 6 || total
---------------------------+-------+-------++-------
  Melee: War axe           |    67 |     2 ||    69
 Armour: Scale mail        |    53 |     3 ||    56
  Dodge: Dodged            |    61 |     2 ||    63
  Block: Buckler           |    24 |     1 ||    25
